 Dungeon Crawl Stone Soup version 0.29-a0-659-g28b9d68 (webtiles) character file.

Game seed: 3382269044018588862

581 Illumine the Digger (level 7, -2/36 HPs)
             Began as a Gargoyle Earth Elementalist on June 21, 2022.
             Slain by a gnoll
             ... wielding a +1 short sword of speed
             ... led by a gnoll shaman
              (6 damage)
             ... on level 6 of the Dungeon.
             The game lasted 00:06:38 (4507 turns).

Illumine the Digger (Gargoyle Earth Elementalist)   Turns: 4507, Time: 00:06:38

Health: -2/36      AC:  6    Str: 12    XL:     7   Next: 36%
Magic:  1/13       EV: 11    Int: 17    God:
Gold:   278        SH:  0    Dex: 10    Spells: 8/14 levels left

rFire   . . .      SeeInvis .   j - +1 dagger (venom)
rCold   . . .      Faith    .   (no shield)
rNeg    + . .      Spirit   .   a - +0 robe
rPois   ∞          Reflect  .   (no helmet)
rElec   +          Harm     .   (no cloak)
rCorr   .          Rampage  .   (no gloves)
Will    .....                   (no boots)
Stlth   ++........              (no amulet)
HPRegen 0.12/turn               (no ring)
MPRegen 0.13/turn               (no ring)

@: no status effects
A: sickness immunity, AC +4, negative energy resistance 1, electricity
resistance, torment resistance 1, petrification resistance
a: no special abilities


You were on level 6 of the Dungeon.
You visited 1 branch of the dungeon, and saw 6 of its levels.

You collected 278 gold pieces.

Inventory:

Hand Weapons
 j - a +1 dagger of venom (weapon)
Missiles
 m - a throwing net
 q - 17 poisoned darts
Armour
 a - a +0 robe (worn)
Jewellery
 f - a ring of positive energy
 i - a ring of resist corrosion
 t - a +4 ring of evasion
Wands
 s - a wand of acid (7)
 y - a wand of flame (20)
Scrolls
 c - 4 scrolls of fog {unknown}
 d - 9 scrolls of identify {unknown}
 e - 2 scrolls of teleportation {unknown}
 h - 3 scrolls of noise {unknown}
 l - 2 scrolls of enchant armour {unknown}
 o - a scroll of torment {unknown}
 r - a scroll of silence {unknown}
 u - a scroll of immolation {unknown}
 x - a scroll of magic mapping {unknown}
 A - a scroll of vulnerability {unknown}
Potions
 b - a potion of magic
 g - a potion of brilliance {unknown}
 k - 6 potions of curing {unknown}
 n - 2 potions of might {unknown}
 p - 3 potions of haste {unknown}
 v - a potion of ambrosia {unknown}
 w - a potion of attraction {unknown}
 z - 2 potions of heal wounds {unknown}


   Skills:
 - Level 1.5 Dodging
 - Level 2.1 Stealth
 + Level 4.3 Spellcasting
 + Level 4.9 Conjurations
 - Level 0.7 Transmutations
 + Level 6.2 Earth Magic


You had 8 spell levels left.
You knew the following spells:

 Your Spells              Type           Power      Damage    Failure   Level
a - Sandblast             Erth           50%        2d12      1%          1
b - Stone Arrow           Conj/Erth      44%        3d9       4%          3
c - Blink                 Tloc           6%         N/A       24%         2

Your spell library contained the following spells:

 Spells                   Type           Power      Damage    Failure   Level
 Passwall                 Tmut/Erth      12%        N/A       5%          2
 Scorch                   Fire           6%         2d5       24%         2
 Petrify                  Tmut/Erth      15%        N/A       34%         4
 Flame Wave               Conj/Fire      12%        2d6       50%         4
 Irradiate                Conj/Tmut      6%         3d15      80%         5
 Blade Hands              Tmut           3%         N/A       97%         5
 Manifold Assault         Tloc           3%         N/A       99%         5
 Summon Cactus Giant      Summ           1%         N/A       100%        6
 Dragon Form              Tmut           3%         N/A       100%        7
 Storm Form               Tmut/Air       2%         N/A       100%        7


Dungeon Overview and Level Annotations

Branches:
Dungeon (6/15)
 Temple: D:4-7

Altars:
Hepliaklqana
Nemelex Xobeh

Annotations:
D:3 Grinder


Innate Abilities, Weirdness & Mutations

You are immune to sickness and miasma.
Your stone body is resilient. (AC +4)
You are immune to poison.
You resist negative energy. (rN+)
You are resistant to electric shocks. (rElec)
You are resistant to unholy torment.
You are immune to petrification.


Message History

You don't have enough magic to cast this spell.
Unknown command.
Unknown command.
Casting: Stone Arrow (dangerous; 4% risk of failure)
Confirm with . or Enter, or press ? or * to list all spells.
Aiming: Sandblast (safe; 1% risk of failure)
Press: ? - help, Shift-Dir - straight line, f - gnoll shaman
Aim: a gnoll shaman, wielding a +0 whip and wearing a +0 robe (83% to hit)
The blast of sand hits the gnoll shaman!
The gnoll shaman is heavily wounded.
The gnoll shaman barely misses you.
Unknown command.
You hit the gnoll shaman but do no damage.
The gnoll shaman is poisoned.
The gnoll shaman is heavily wounded.
The gnoll hits you but does no damage. The gnoll shaman barely misses you.
You hit the gnoll.
The gnoll is heavily wounded.
The gnoll barely misses you. x2
The gnoll shaman hits you with a +0 whip.
The gnoll misses you.
The gnoll shaman prays to its god.
The gnoll shaman is healed somewhat.
You hit the gnoll.
The gnoll is poisoned.
The gnoll is heavily wounded.
The gnoll hits you but does no damage.
The gnoll hits you with a +1 short sword of speed.
You hit the gnoll shaman.
The gnoll shaman looks even sicker.
The gnoll shaman is severely wounded.
The gnoll hits you with a +1 short sword of speed.
The gnoll completely misses you.
The gnoll shaman hits you with a +0 whip!
* * * LOW HITPOINT WARNING * * *
Unknown command.
The gnoll hits you but does no damage.
You barely miss the gnoll shaman.
The gnoll shaman is almost dead.
You kill the gnoll shaman!
The gnoll hits you with a +1 short sword of speed.
You die...

.........### #.........>#
#####......# #..........#
#......# #.........[# #......#
#####..........# #####......#
#..............#
...##......###.....##############
...')).÷...')'.....'.............
...##......###..)..##+##'########
...##......###.g@.........#
...#######..#####....)....# ...#
##.# #.........# ...# #.#
#.........# ...# #.## #.........#
.... #..# #####+##### ##.# #.#
#.## #.# ### #..# #.# #.######


You could see a gnoll (fast, very poisoned).

Vanquished Creatures
  An ogre (D:5)
  A scorpion (D:5)
  A necrophage (D:5)
  A gnoll shaman (D:6)
  4 hounds
  2 orc priests
  An iguana (D:5)
  4 gnolls (D:6)
  5 adders
  A worm (D:2)
  A dart slug (D:1)
  10 orcs
  3 endoplasms
  3 giant cockroaches (D:1)
  9 goblins
  3 hobgoblins
  3 jackals (D:2)
  5 quokkas
  5 ball pythons
  6 bats
  8 frilled lizards
  8 kobolds
  3 rats
88 creatures vanquished.

Notes
Turn   | Place    | Note
-------+----------+-------------------------------------------
     0 | D:1      | Illumine the Gargoyle Earth Elementalist began the quest
                  | for the Orb.
     0 | D:1      | Reached XP level 1. HP: 10/10 MP: 3/3
   467 | D:1      | Reached XP level 2. HP: 15/15 MP: 3/5
   511 | D:1      | Reached skill level 4 in Earth Magic
   636 | D:1      | You fall into a shaft and drop 1 floor!
  1097 | D:1      | Reached XP level 3. HP: 19/19 MP: 3/6
  1115 | D:1      | Learned a level 3 spell: Stone Arrow
  1578 | D:2      | Found a sparkling altar of Nemelex Xobeh.
  1678 | D:2      | Found a faded altar of an unknown god.
  1705 | D:2      | Reached skill level 1 in Conjurations
  1927 | D:2      | Reached XP level 4. HP: 22/24 MP: 5/8
  2458 | D:3      | Noticed Grinder
  3063 | D:4      | Reached XP level 5. HP: 28/28 MP: 2/9
  3294 | D:5      | Entered Level 5 of the Dungeon
  3306 | D:5      | Noticed a lemure
  3347 | D:5      | Reached skill level 5 in Earth Magic
  3467 | D:5      | Reached XP level 6. HP: 24/32 MP: 1/11
  3559 | D:5      | Found a sparkling altar of Nemelex Xobeh.
  3760 | D:5      | Reached skill level 6 in Earth Magic
  3760 | D:5      | Reached XP level 7. HP: 36/36 MP: 5/13
  4252 | D:6      | Found a hazy altar of Hepliaklqana.
  4257 | D:6      | Learned a level 2 spell: Blink
  4507 | D:6      | Slain by a gnoll

Illustrated notes

Levels and vault maps discovered:
D:1:      mrwooster_arrival_statue_2, layout_basic, minmay_misc_feat_columns,
          st_stairs_8, minmay_misc_feat_chi, roderic_serpentine_path,
          minivault_11, minmay_tetromino_i4
D:2:      layout_rooms, chequers_ecumenical_altar_island, basic_altar,
          minmay_misc_feat_doors, solitary_fountain
D:3:      layout_loops_ring, mainiacjoe_overflow_alcove_4, uniq_grinder
D:4:      layout_loops_ring, serial_glass, glass_columns_a, glass_columns_c
D:5:      layout_basic, mainiacjoe_overflow_concentric_impassable, uniq_pikel
D:6:      layout_basic, mainiacjoe_overflow_catwalk, uniq_blork_the_orc

Skill      XL: |  1  2  3  4  5  6 |
---------------+-------------------+-----
Earth Magic    | 4 5 6 |  6.2
Conjurations   | 1 2 3 4 |  4.9
Spellcasting   | 3 4 |  4.3
Dodging        | |  1.5
Stealth        | |  2.1
Transmutations | |  0.7

Action                   |  1- 3 |  4- 6 |  7- 9 || total
-------------------------+-------+-------+-------++-------
Melee: Dagger            |       |     2 |    18 ||    20
       Punch             |       |       |     1 ||     1
 Cast: Sandblast         |    57 |    33 |     7 ||    97
       Stone Arrow       |       |    14 |    13 ||    27
Armor: Robe              |     9 |     7 |    14 ||    30
Dodge: Dodged            |    14 |    13 |    21 ||    48

Table legend: (Time is in decaauts)
 A = Elapsed time spent in this place.
 B = Non-inter-level travel time spent in this place.
 C = Inter-level travel time spent in this place.
 D = Time resting spent in this place.
 E = Time spent auto-exploring this place.
 F = Levels seen in this place.
 G = Mean time per level.
                   A        B        C        D        E       F      G
               +--------+--------+--------+--------+--------+-----+--------+
         Total |   4608 |   4439 |    169 |    832 |   2784 |   6 |  768.0 |
       Dungeon |   4608 |   4439 |    169 |    832 |   2784 |   6 |  768.0 |
               +--------+--------+--------+--------+--------+-----+--------+

Top non-repeatable levels by time:
     D:1: 1459 daAuts
     D:4: 799 daAuts
     D:5: 731 daAuts
     D:2: 625 daAuts
     D:3: 513 daAuts
     D:6: 479 daAuts
